AoeStats
← JIJINz

Arena

509406050Analyzed
4v4 RM · 6d ago on Sep 26, 2026· 40m 52s· 8 players
Game mode
Random Map
Map size
Large (8 player)
Population
200
Speed
Normal
Resources
Standard
Victory
Conquest
Starting age
Dark Age
Ending age
Imperial Age
RankedLock teamsTeams togetherTeam positionsShared explorationLock speedFull tech treeHidden civsTurbo modeCheats
Victory
Defeat
🇭🇰 Teutons · Hong Kong SAR China
1628
+14
🇺🇾 Danes · Uruguay
1540
+18
🇯🇵 Cumans · Japan
1538
+18
🇨🇳 Dravidians · China
1473
+20
🇨🇳 Persians · China
1676
-21
🇨🇳 Varangians · China
1592
-18
🇨🇳 Ethiopians · China
1547
-16
🇨🇳 Mongols · China
1507
-15
给你一棒槌
9:55 Feudal Age
13:28 Castle Age
11:20 Double-Bit Axe
14:34 Bow Saw
22:03 Wheelbarrow
21:17 Horse Collar
22:30 Gold Mining
25:40 Hand Cart
25:28 Heavy Plow
29:31 Imperial Age
28:06 Gold Shaft Mining
28:19 Fletching
28:16 Town Watch
28:17 Loom
28:54 Ballistics
28:58 Crossbowman
29:43 Thumb Ring
30:07 Scale Mail Armor
31:19 Chemistry
29:42 Arbalester
30:43 Conscription
31:17 Onager
32:17 Bodkin Arrow
32:38 Padded Archer Armor
32:59 Siege Onager
34:16 Siege Engineers
34:41 Torsion Engines
35:17 Leather Archer Armor
35:42 Bracer
[Fx、]AirDk
10:31 Feudal Age
14:09 Castle Age
12:15 Double-Bit Axe
12:12 Horse Collar
24:35 Wheelbarrow
24:41 Gold Mining
28:59 Imperial Age
26:15 Loom
27:52 Hand Cart
27:43 Scale Barding Armor
27:49 Bow Saw
27:42 Heavy Plow
28:12 Forging
28:50 Bloodlines
28:40 Husbandry
29:45 Chain Barding Armor
29:04 Elite Steppe Lancer
30:21 Conscription
31:22 Iron Casting
33:43 Blast Furnace
35:10 Heavy Camel Rider
36:48 Fortified Wall
37:39 Chemistry
37:56 Fletching
38:13 Siege Engineers
38:29 Ballistics
38:36 Light Cavalry
38:38 Elite Mangudai
39:17 Bodkin Arrow
40:04 Bracer
40:38 Padded Archer Armor
只想躺赢
10:13 Feudal Age
10:24 Loom
14:21 Castle Age
13:03 Fletching
15:15 Double-Bit Axe
16:51 Double-Bit Axe
39:39 Wheelbarrow
啥牌子的
10:54 Feudal Age
14:49 Castle Age
12:59 Double-Bit Axe
13:30 Horse Collar
15:44 Bow Saw
16:36 Heavy Plow
19:48 Loom
22:49 Wheelbarrow
24:34 Town Watch
25:32 Masonry
28:05 Imperial Age
26:15 Hand Cart
28:09 Scale Barding Armor
37:17 Husbandry
JIJINz
8:31 Feudal Age
9:17 Double-Bit Axe
11:51 Horse Collar
20:18 Castle Age
18:58 Wheelbarrow
18:26 Gold Mining
19:14 Bloodlines
19:38 Scale Barding Armor
19:44 Forging
21:26 Chain Barding Armor
21:55 Bow Saw
22:03 Heavy Plow
25:48 Hand Cart
30:44 Imperial Age
28:27 Scale Mail Armor
29:43 Loom
30:55 Iron Casting
30:21 Stone Mining
31:07 Gold Shaft Mining
31:06 Cavalier
32:22 Plate Barding Armor
33:34 Blast Furnace
33:36 Two-Man Saw
33:07 Crop Rotation
32:51 Paladin
34:02 Capped Ram
35:22 Caravan
35:52 Coinage
35:33 Guilds
35:45 Light Cavalry
36:14 Siege Ram
36:51 Hussar
37:56 Fletching
38:33 Bodkin Arrow
40:10 Conscription
39:52 Steppe Husbandry
41:14 Cuman Mercenaries
FMG | Sawasha Takohida
10:10 Feudal Age
13:52 Castle Age
12:10 Double-Bit Axe
13:22 Gold Mining
14:19 Horse Collar
16:35 Bow Saw
19:54 Scale Mail Armor
21:27 Chain Mail Armor
21:40 Arson
22:27 Loom
25:11 Forging
31:08 Wheelbarrow
37:41 Imperial Age
35:28 Hand Cart
38:07 Iron Casting
37:42 Squires
38:54 Plate Mail Armor
YMK414
8:47 Feudal Age
8:20 Loom
9:16 Double-Bit Axe
10:45 Fletching
16:24 Horse Collar
22:09 Castle Age
21:13 Gold Mining
27:28 Imperial Age
26:16 Bow Saw
25:55 Horse Collar
27:45 Wheelbarrow
32:40 Forging
33:02 Conscription
32:20 Pikeman
37:43 Halberdier
39:25 Iron Casting
38:50 Scale Mail Armor
39:14 Conscription
39:11 Hand Cart
41:17 Chemistry
41:44 Blast Furnace
41:20 Chain Mail Armor
Elite Noob
10:00 Feudal Age
10:47 Double-Bit Axe
13:41 Castle Age
11:28 Horse Collar
14:42 Bow Saw
19:17 Wheelbarrow
21:06 Loom
22:12 Gold Mining
23:19 Hand Cart
24:21 Stone Mining
25:10 Heavy Plow
28:48 Imperial Age
26:42 Ballistics
26:16 Fletching
27:31 Bodkin Arrow
27:37 Padded Archer Armor
28:51 Thumb Ring
28:57 Elite Elephant Archer
29:44 Medical Corps
29:59 Conscription
29:44 Bracer
29:59 Leather Archer Armor
29:47 Husbandry
31:30 Two-Man Saw
31:44 Chemistry
30:54 Squires
30:40 Gambesons
30:16 Man-at-Arms
30:41 Arson
32:40 Ring Archer Armor
32:11 Scale Mail Armor
32:22 Forging
33:11 Long Swordsman
34:08 Two-Handed Swordsman
35:07 Chain Mail Armor
35:28 Iron Casting
35:15 Wootz Steel
35:19 Champion
36:34 Plate Mail Armor
40:45 Pikeman
Connection lost

Rejoining the realm…

Still unreachable

The connection could not be restored.

Session expired

The server has moved on; the page needs a fresh start.